 Dungeon Crawl Stone Soup version 0.30.1-11-g7821555f0a (webtiles) character file.

Game seed: 12005178372897093158

30 bnorton916 the Firebug (level 3, -3/19 HPs)
             Began as a Deep Elf Fire Elementalist on Nov 26, 2023.
             Killed from afar by Terence (10 damage)
             ... with a puff of flame
             ... on level 2 of the Dungeon.
             The game lasted 00:00:55 (1254 turns).

bnorton916 the Firebug (Deep Elf Fire Elementalist) Turns: 1254, Time: 00:00:56

Health: -3/19      AC:  2    Str:  5    XL:     3   Next: 5%
Magic:  8/10       EV: 12    Int: 21    God:
Gold:   48         SH:  0    Dex: 15    Spells: 8/9 levels left

rFire   . . .        (no weapon)
rCold   . . .        (no shield)
rNeg    . . .        a - +0 robe
rPois   .            (no helmet)
rElec   .            (no cloak)
rCorr   .            (no gloves)
SInv    .            (no boots)
Will    .....        (no amulet)
Stlth   ++           (no ring)
HPRegen 0.23/turn    (no ring)
MPRegen 0.12/turn

%: no passive effects
@: no status effects
A: no striking features
a: no special abilities


You were on level 2 of the Dungeon.
You visited 1 branch of the dungeon, and saw 2 of its levels.

You collected 48 gold pieces.

Inventory:

Armour
 a - a +0 robe (worn)
Scrolls
 d - a scroll of teleportation {unknown}
 e - a scroll of identify {unknown}
 g - a scroll of magic mapping {unknown}
 i - a scroll of vulnerability {unknown}
 k - a scroll of poison {unknown}
Potions
 b - a potion of magic
 c - a potion of degeneration {unknown}
 f - a potion of mutation {unknown}
 h - a potion of berserk rage {unknown}
 j - a potion of might {unknown}


   Skills:
 - Level 2.4 Dodging
 - Level 2.4 Stealth
 + Level 3.7 Spellcasting
 + Level 2.0 Conjurations
 + Level 3.8 Fire Magic


You had 8 spell levels left.
You knew the following spells:

 Your Spells              Type           Power      Damage    Failure   Level
a - Foxfire               Conj/Fire      64%        2x1d7     3%          1

Your spell library contained the following spells:

 Spells                   Type           Power      Damage    Failure   Level
 Scorch                   Fire           40%        2d7       3%          2
 Inner Flame              Hex/Fire       12%        N/A       17%         3
 Volatile Blastmotes      Fire/Tloc      24%        2d12      17%         3
 Ignite Poison            Fire/Tmut/Pois 9%         N/A       22%         3
 Flame Wave               Conj/Fire      16%        2d7       36%         4
 Sticky Flame             Conj/Fire      16%        2d4       36%         4
 Ignition                 Fire           10%        3d5       100%        8


Dungeon Overview and Level Annotations

Branches:
Dungeon (2/15)

Altars:

Annotations:
D:2 Terence


Message History

Done exploring.
Done exploring.
Done exploring.
(D) Dungeon
Where to? (? - help)
There is a stone staircase leading down here.
You climb downwards.
There is a stone staircase leading up here.
Search for what [? for help]? d:1
Okay, then.
Found a stone staircase leading down.
A kobold comes into view. It is wielding a +0 short sword.
Found 5 atropa-tipped darts.
There is a stone staircase leading down here.
Casting: Foxfire (safe; 3% risk of failure)
Confirm with . or Enter, or press ? or * to list all spells.
You conjure some foxfire!
The kobold shouts!
You hear a shout!
The foxfire hits the kobold.
You kill the kobold!
Terence the Incautious comes into view.
He is wielding a +0 mace, wearing a +2 scale mail of poison resistance and carrying a wand of flame (15).
Casting: Foxfire (safe; 3% risk of failure)
Confirm with . or Enter, or press ? or * to list all spells.
You conjure some foxfire!
The foxfire hits Terence.
Terence is lightly wounded.
Terence screams, "I want your blood!"
Terence zaps a wand.
The puff of flame hits you!
Casting: Foxfire (safe; 3% risk of failure)
Confirm with . or Enter, or press ? or * to list all spells.
You conjure some foxfire!
Your foxfire dissipates!
The foxfire hits Terence but does no damage.
Terence is lightly wounded.
The foxfire hits Terence but does no damage.
Terence is lightly wounded.
Terence says, "Time to say good-bye..."
Terence zaps a wand.
The puff of flame hits you.
Terence zaps a wand.
The puff of flame hits you!
Ouch! That really hurt!
You die...

#######
#.....#
##.##.####
##.<#....#
#...#....#
##..#....#
#..#....# #
#..#.@..# .#
#..#....#
.(#.
####....#
.....
#....##...)..
#....@.......
#####.#......
#.# ...#. ...
#.# .... #


You could see Terence.

Vanquished Creatures
  2 dart slugs (D:1)
  A bat (D:1)
  3 endoplasms (D:1)
  A giant cockroach (D:1)
  5 goblins (D:1)
  2 hobgoblins (D:1)
  A kobold (D:2)
  2 ball pythons (D:1)
  3 frilled lizards (D:1)
  5 rats (D:1)
25 creatures vanquished.

Vanquished Creatures (others)
  116 foxfires
116 creatures vanquished.

Grand Total: 141 creatures vanquished

Notes
Turn   | Place    | Note
-------+----------+-------------------------------------------
     0 | D:1      | bnorton916 the Deep Elf Fire Elementalist began the quest
                  | for the Orb.
     0 | D:1      | Reached XP level 1. HP: 10/10 MP: 6/6
   225 | D:1      | Reached XP level 2. HP: 15/15 MP: 1/8
  1094 | D:1      | Reached XP level 3. HP: 19/19 MP: 7/10
  1246 | D:2      | Noticed Terence
  1254 | D:2      | Killed from afar by Terence

Illustrated notes

Levels and vault maps discovered:
D:1:      dpeg_arrival_three_smaller_balls, layout_rooms, minmay_distorted
D:2:      layout_basic, hellmonk_ecumenical_altar_lost_god,
          minmay_misc_feat_doors, uniq_terence

Skill      XL: |  1  2 |
---------------+-------+-----
Conjurations   | 2 |  2.0
Dodging        | |  2.4
Stealth        | |  2.4
Spellcasting   | |  3.7
Fire Magic     | |  3.8

Action                     || total
---------------------------++-------
   Cast: Foxfire           ||    75
  Dodge: Dodged            ||     1
